 Dungeon Crawl Stone Soup version 0.30-a0-373-gd37427bb62 (webtiles) character file.

Game seed: 4225132100901191883

281 qeuew the Trooper (level 6, -1/48 HPs)
             Began as a Demonspawn Monk on Nov 24, 2022.
             Shot with a bolt by an orc warrior (17 damage)
             ... on level 4 of the Dungeon.
             The game lasted 00:03:36 (3119 turns).

qeuew the Trooper (Demonspawn Monk)                 Turns: 3119, Time: 00:03:37

Health: -1/48      AC:  5    Str: 13    XL:     6   Next: 6%
Magic:  6/6        EV: 12    Int: 12    God:
Gold:   149        SH:  0    Dex: 15    Spells: 5/5 levels left

rFire   . . .      SeeInvis .    a - +0 hand axe (flame)
rCold   . . .      Faith    .    (no shield)
rNeg    . . .      Spirit   .    f - +0 ring mail
rPois   .          Reflect  .    (helmet restricted)
rElec   .          Harm     .    (no cloak)
rCorr   .          Rampage  .    (no gloves)
Will    .....                    (no boots)
Stlth   +.........               (no amulet)
HPRegen 0.28/turn                (no ring)
MPRegen 0.10/turn                (no ring)

@: no status effects
A: antennae 1, ignite blood 1, weakness stinger 2
a: no special abilities


You were on level 4 of the Dungeon.
You visited 1 branch of the dungeon, and saw 4 of its levels.

You collected 149 gold pieces.

Inventory:

Hand Weapons
 a - a +0 hand axe of flaming (weapon)
Armour
 f - a +0 ring mail (worn)
Scrolls
 d - a scroll of fear {unknown}
 h - a scroll of blinking
Potions
 b - a potion of mutation {unknown}
 c - a potion of heal wounds
 i - a potion of flight


   Skills:
 + Level 4.2 Fighting
 + Level 3.9 Axes
 + Level 2.4 Armour
 + Level 3.8 Dodging
 - Level 1.7 Stealth


You had 5 spell levels left.
You didn't know any spells.
Your spell library was empty.

Dungeon Overview and Level Annotations

Branches:
Dungeon (4/15)
 Temple: D:4-7

Altars:

Shops:
D:3 *


Innate Abilities, Weirdness & Mutations

You have a pair of small antennae on your head.
Your demonic aura sometimes causes spilled blood to erupt in flames.
You have a tail ending in a sharp stinger.


Message History

There is an open door here.
An orc comes into view. It is wielding a +0 whip.
The orc shouts!
An orc warrior and an orc come into view.
The orc warrior shouts!
An orc comes into view. It is wielding a +0 club.
The orc moves out of view.
The orc shouts! x2
The orc warrior unwields a +0 mace.
The orc warrior wields a +0 arbalest.
The orc warrior shoots a bolt.
The bolt closely misses you. The orc barely misses you.
You hit the orc. You burn the orc. You tail-slap the orc.
The orc is severely wounded.
The orc barely misses you.
You hit the orc but do no damage.
The orc is severely wounded.
The orc warrior shoots a bolt.
The bolt barely misses you. The orc hits you with a +0 whip.
The orc warrior shoots a bolt.
The bolt misses you.
You hit the orc. You burn the orc.
You kill the orc!
You hit the orc but do no damage. The orc hits you with a +0 club.
The orc warrior shoots a bolt.
The bolt barely misses you.
You closely miss the orc.
The orc hits you from afar with a +0 trident.
The orc hits you but does no damage.
The orc warrior shoots a bolt.
The bolt hits you!
You barely miss the orc. The orc closely misses you. x2
The orc warrior shoots a bolt.
The bolt hits you!
You are too injured to fight recklessly!
You are too injured to fight recklessly!
You are too injured to fight recklessly!
You are too injured to fight recklessly!
You are too injured to fight recklessly!
You are too injured to fight recklessly!
You are too injured to fight recklessly!
You are too injured to fight recklessly!
The orc closely misses you. The orc hits you with a +0 club.
The orc warrior shoots a bolt.
The bolt hits you!
You die...

#. ##.# #. . #... #. ..
... #. #. #.#
##+########.
##..###.##+##...........
.....o......#...........
#..........#...........
#....o@....#...........
#.....o....#...........
#..........'...........
##'#########...........
.. ...........########
.. ...........'....# .
...........#....#
...........#....#
...........########


You could see an orc warrior and 2 orcs.

Vanquished Creatures
  A scorpion (D:4)
  A howler monkey (D:4)
  An iguana (D:4)
  2 orc wizards
  4 adders
  A worm (D:2)
  2 dart slugs
  8 orcs
  5 ball pythons
  2 endoplasms
  A giant cockroach (D:4)
  4 goblins
  5 hobgoblins
  5 quokkas
  4 bats
  3 frilled lizards (D:1)
  4 kobolds
  7 rats
60 creatures vanquished.

Notes
Turn   | Place    | Note
-------+----------+-------------------------------------------
     0 | D:1      | qeuew the Demonspawn Monk began the quest for the Orb.
     0 | D:1      | Reached XP level 1. HP: 18/18 MP: 1/1
   343 | D:1      | You fall into a shaft and drop 1 floor!
   357 | D:2      | Gained mutation: Your demonic aura sometimes causes spilled
                  | blood to erupt in flames. [demonic ancestry]
   357 | D:2      | Reached XP level 2. HP: 24/24 MP: 2/2
   491 | D:1      | Reached skill level 1 in Armour
   648 | D:1      | Discovered your monstrous ancestry.
   648 | D:1      | Gained mutation: You have a pair of small antennae on your
                  | head. [demonic ancestry]
   648 | D:1      | Reached XP level 3. HP: 29/29 MP: 3/3
  1660 | D:3      | Gained mutation: You have a small tail. [demonic ancestry]
  1660 | D:3      | Reached XP level 4. HP: 13/34 MP: 4/4
  2029 | D:3      | Found Conn's General Store.
  2490 | D:4      | Reached XP level 5. HP: 37/42 MP: 5/5
  2633 | D:4      | Reached skill level 4 in Fighting
  2810 | D:4      | Gained mutation: You have a tail ending in a sharp stinger.
                  | [demonic ancestry]
  2810 | D:4      | Reached XP level 6. HP: 4/48 MP: 6/6
  2811 | D:4      | HP: 2/48 [poisoned by a kobold]
  3111 | D:4      | Noticed an orc warrior
  3119 | D:4      | Shot with a bolt by an orc warrior

Illustrated notes

Levels and vault maps discovered:
D:1:      dpeg_arrival_rooms_c, layout_loops_corners, bh_walls_and_bars
D:2:      layout_basic, hellmonk_ecumenical_altar_watching_god,
          nicolae_elevator_lobby_asterisk
D:3:      layout_basic, serial_shops, nicolae_shop_waterfront,
          nrook_loot_triangle
D:4:      layout_gridville

Skill      XL: |  1  2  3  4  5 |
---------------+----------------+-----
Axes           | 3 |  3.9
Armour         | 1 2 |  2.4
Dodging        | 3 |  3.8
Fighting       | 4 |  4.2
Stealth        | |  1.7

Action                   |  1- 3 |  4- 6 || total
-------------------------+-------+-------++-------
Melee: Hand axe          |   134 |    92 ||   226
       Tailslap          |       |     9 ||     9
       Punch             |       |     1 ||     1
  Use: Scroll            |     4 |     3 ||     7
       Potion            |     1 |     7 ||     8
 Stab: Sleeping          |     5 |     1 ||     6
       Distracted        |     1 |       ||     1
Armor: Robe              |     6 |       ||     6
       Ring mail         |    38 |    34 ||    72
Dodge: Dodged            |    85 |    57 ||   142

Table legend: (Time is in decaauts)
 A = Elapsed time spent in this place.
 B = Non-inter-level travel time spent in this place.
 C = Inter-level travel time spent in this place.
 D = Time resting spent in this place.
 E = Time spent auto-exploring this place.
 F = Levels seen in this place.
 G = Mean time per level.
                   A        B        C        D        E       F      G
               +--------+--------+--------+--------+--------+-----+--------+
         Total |   3130 |   2993 |    137 |     42 |   2431 |   4 |  782.5 |
       Dungeon |   3130 |   2993 |    137 |     42 |   2431 |   4 |  782.5 |
               +--------+--------+--------+--------+--------+-----+--------+

Top non-repeatable levels by time:
     D:1: 1059 daAuts
     D:3: 925 daAuts
     D:4: 719 daAuts
     D:2: 425 daAuts
